 Dungeon Crawl Stone Soup version 0.30-a0-799-g109b55a442 (webtiles) character file.

Game seed: 12171586044825081496

73 Esekla the Sneak (level 4, 31/31 HPs)
             Began as an Octopode Delver on Feb 20, 2023.
             Quit the game on level 5 of the Dungeon.
             The game lasted 00:02:16 (354 turns).

Esekla the Sneak (Octopode Delver)                   Turns: 354, Time: 00:02:17

Health: 31/31      AC:  1    Str: 11    XL:     4   Next: 27%
Magic:  5/5        EV: 13    Int: 14    God:
Gold:   11         SH:  0    Dex: 13    Spells: 5/5 levels left

rFire   . . .      SeeInvis .    a - +0 long sword
rCold   . . .      Faith    .    (no shield)
rNeg    . . .      Spirit   .    (helmet restricted)
rPois   .          Reflect  .    (no amulet)
rElec   .          Harm     .    (no ring)
rCorr   .          Rampage  .    (no ring)
Will    .....                    (no ring)
Stlth   ++++                     (no ring)
HPRegen 0.25/turn                (no ring)
MPRegen 0.09/turn                (no ring)
                                 (no ring)
                                 (no ring)

@: no status effects
A: almost no armour, amphibious, 8 rings, camouflage 1, gelatinous body 1,
(nimble swimmer 1), tentacles
a: no special abilities


You were on level 5 of the Dungeon.
You visited 1 branch of the dungeon, and saw 1 of its levels.

You collected 11 gold pieces.

Inventory:

Hand Weapons
 a - a +0 long sword (weapon)
Wands
 f - a wand of digging (3)
Scrolls
 b - a scroll of fog
 c - 2 scrolls of amnesia {unknown}
 d - a scroll of fear
Potions
 e - a potion of haste
 g - a potion of magic {unknown}
 h - a potion of degeneration {unknown}


   Skills:
 * Level 3.4 Fighting
 * Level 2.6 Long Blades
 * Level 2.3 Dodging
 + Level 7.4 Stealth
 * Level 1.0 Spellcasting


You had 5 spell levels left.
You didn't know any spells.
Your spell library was empty.

Dungeon Overview and Level Annotations

Branches:
Dungeon (5/15)
 Temple: D:4-7

Altars:
Xom

Annotations:
D:5 1 runed translucent door


Innate Abilities, Weirdness & Mutations

You cannot wear most types of armour.
You are amphibious.
You can wear up to eight rings at the same time.
Your skin changes colour to match your surroundings (Stealth+).
Your rubbery body absorbs attacks. (AC +1, EV +1)
((You are camouflaged when in or above water. (Stealth+)))
You have tentacles for arms and can constrict up to eight enemies at once.


Message History

You constrict the orc. The orc hits you with a +0 club.
You slash the orc!
You kill the orc!
You closely miss the orc.
The iguana hisses angrily.
You grab the orc. You constrict the orc. The orc barely misses you. x2
You hit the orc. You squeeze the orc.
You kill the orc!
The iguana hisses menacingly.
Items here: ))) [[ ††.
Okay, then.
You barely miss the iguana. You grab the iguana.
You squeeze the iguana, but do no damage.
You constrict the iguana, but do no damage.
The iguana closely misses you.
You hit the iguana but do no damage.
You squeeze the iguana, but do no damage.
You constrict the iguana, but do no damage.
The iguana bites you!
You hit the iguana but do no damage. You constrict the iguana.
The iguana bites you!
* * * LOW HITPOINT WARNING * * *
The iguana misses you.
You hit the iguana. You squeeze the iguana.
You kill the iguana!
Your Spellcasting skill increases to level 1!
You have reached level 4!
You start resting.
HP restored.
You see here an iguana corpse.
Items here: ))) [[ ††.
g - a fuming purple potion You see here a +1 cloak.
You open the door.
An adder comes into view.
Found a shimmering altar of Xom. 2 crimson imps come into view.
There is an open door here.
You close the door.
Are you sure you want to abandon this character and quit the game? (Confirm with "yes".)

#.....# **####.....##
**,..........##
*,............##
,,.............#
,,.............#
,,.............#
,,.............####
,,,............[@.#
*,,..........####+#***
**,....#.....#5^...S5#
***#######.####._.###
#.**,^...^,*
#.**###+###* *,,,,,,,*
*********


There were no monsters in sight!

Vanquished Creatures
  A hound (D:5)
  An iguana (D:5)
  An adder (D:5)
  An ufetubus (D:5)
  3 orcs (D:5)
7 creatures vanquished.

Notes
Turn   | Place    | Note
-------+----------+-------------------------------------------
     0 | D:5      | Esekla the Octopode Delver began the quest for the Orb.
     0 | D:5      | Reached XP level 1. HP: 16/16 MP: 1/1
    50 | D:5      | Noticed an iguana
    51 | D:5      | Found a runed translucent door.
   178 | D:5      | Noticed an iguana
   182 | D:5      | Noticed a hound
   192 | D:5      | Killed a hound
   193 | D:5      | Reached skill level 7 in Stealth
   193 | D:5      | Reached XP level 2. HP: 17/21 MP: 2/2
   193 | D:5      | Reached XP level 3. HP: 22/26 MP: 3/3
   216 | D:5      | HP: 1/26 [iguana (10)]
   218 | D:5      | Reached skill level 1 in Spellcasting
   218 | D:5      | Reached XP level 4. HP: 2/31 MP: 5/5
   350 | D:5      | Found a shimmering altar of Xom.
   354 | D:5      | Quit the game

Illustrated notes

Levels and vault maps discovered:
D:5:      nicolae_cairo_tiling_very_big, layout_rooms, led_xom_imps,
          gammafunk_ghost_grave

Skill      XL: |  1  2  3 |
---------------+----------+-----
Stealth        | 7 |  7.4
Spellcasting   | 1 |  1.0
Fighting       | |  3.4
Long Blades    | |  2.6
Dodging        | |  2.3

Action                     |  1- 3 |  4- 6 || total
---------------------------+-------+-------++-------
  Melee: Falchion          |     3 |       ||     3
         Long sword        |    20 |       ||    20
         Constrict         |     7 |       ||     7
         Tentacles         |     6 |       ||     6
    Use: Scroll            |     1 |       ||     1
  Dodge: Dodged            |    19 |       ||    19

Table legend: (Time is in decaauts)
 A = Elapsed time spent in this place.
 B = Non-inter-level travel time spent in this place.
 C = Inter-level travel time spent in this place.
 D = Time resting spent in this place.
 E = Time spent auto-exploring this place.
 F = Levels seen in this place.
 G = Mean time per level.
                   A        B        C        D        E       F      G
               +--------+--------+--------+--------+--------+-----+--------+
         Total |    359 |    359 |      0 |    164 |      0 |   1 |  359.0 |
       Dungeon |    359 |    359 |      0 |    164 |      0 |   1 |  359.0 |
               +--------+--------+--------+--------+--------+-----+--------+

Top non-repeatable levels by time:
     D:5: 359 daAuts
